 Dungeon Crawl Stone Soup version 0.23.2-1-ga50397a (webtiles) character file.

Game seed: 12207862063641736926

294 slphil the Chopper (level 6, -9/49 HPs)
             Began as a Formicid Abyssal Knight on May 9, 2019.
             Was a Believer of Lugonu.
             Mangled by an ogre
             ... wielding a +0 giant club
              (14 damage)
             ... on level 3 of the Dungeon.
             The game lasted 00:06:45 (3880 turns).

slphil the Chopper (Formicid Abyssal Knight)        Turns: 3880, Time: 00:06:45

Health: -9/49      AC:  3    Str: 19    XL:     6   Next: 60%
Magic:  9/9        EV: 11    Int: 11    God:    Lugonu [**....]
Gold:   83         SH:  0    Dex: 10    Spells: 5/5 levels left

rFire    . . .     SeeInvis +   a - +1 hand axe
rCold    . . .     Gourm    .   (no shield)
rNeg     . . .     Faith    .   o - +0 leather armour
rPois    .         Spirit   .   (helmet unavailable)
rElec    .         Reflect  .   l - scarf {cloud immunity}
rCorr    +         Harm     .   (no gloves)
MR       .....                  (no boots)
Stlth    +.........             (no amulet)
HPRegen  0.16/turn              p - ring of resist corrosion
MPRegen  0.11/turn              (no ring)

@: no status effects
A: permanent stasis, dig shafts and tunnels, four strong arms, antennae 3
a: Dig, Shaft Self, Depart the Abyss, Bend Space, Renounce Religion


You were on level 3 of the Dungeon.
You worshipped Lugonu.
Lugonu was pleased with you.
You were not hungry.

You visited 1 branch of the dungeon, and saw 4 of its levels.
You visited the Abyss 1 time.

You collected 83 gold pieces.

Inventory:

Hand Weapons
 a - a +1 hand axe (weapon)
 b - a +0 hunting sling
Missiles
 h - 22 sling bullets
 j - 97 stones (quivered)
Armour
 l - a scarf of cloud immunity (worn)
 o - a +0 leather armour (worn)
Jewellery
 p - a ring of resist corrosion (left hand)
Wands
 m - a wand of polymorph (4)
Scrolls
 e - 4 scrolls of magic mapping {unknown}
 f - 4 scrolls of identify {unknown}
Potions
 d - a potion of curing {unknown}
 g - a potion of brilliance {unknown}
 i - a potion of cancellation {unknown}
 k - a potion of magic {unknown}
 n - a potion of flight {unknown}
Comestibles
 c - 5 rations
 q - 2 chunks of flesh


   Skills:
 + Level 4.6 Fighting
 * Level 4.8 Axes
 - Level 2.1 Armour
 - Level 0.8 Dodging
 + Level 4.2 Invocations


You had 5 spell levels left.
You didn't know any spells.
Your spell library was empty.

Dungeon Overview and Level Annotations

Branches:
Dungeon (4/15)
 Temple: D:4-7

Altars:
The Shining One


Innate Abilities, Weirdness & Mutations

You cannot be hasted, slowed, berserked, paralysed or teleported.
You can dig through walls and to a lower floor.
Your four strong arms can wield two-handed weapons with a shield.
You have a pair of large antennae on your head. (SInv)


Message History

* * * LOW HITPOINT WARNING * * *
Evoke which item? (* to show all) (? for menu, Esc to quit)
Aiming: Polymorph
Press: ? - help, Shift-Dir - straight line, f - ogre
Aim: an ogre, wielding a +0 giant club (lightly wounded, chance to defeat MR: 46%)
The ogre resists with some effort.
The ogre closely misses you.
Okay, then.
Okay, then.
Evoke which item? (* to show all) (? for menu, Esc to quit)
Aiming: Polymorph
Press: ? - help, Shift-Dir - straight line, f/p - ogre
Aim: an ogre, wielding a +0 giant club (chance to defeat MR: 46%)
The ogre resists with some effort.
The ogre barely misses you.
Evoke which item? (* to show all) (? for menu, Esc to quit)
Aiming: Polymorph
Press: ? - help, Shift-Dir - straight line, f/p - ogre
Aim: an ogre, wielding a +0 giant club (chance to defeat MR: 46%)
The ogre resists with some effort.
The ogre hits you with a +0 giant club!
You die...

#.....##......##
#>##########.... #.#
###.# #.# #.# #.# #.#
#.# #.# ######.###
#.# #....O...# #..
#...@....# ###..
#........# #.)..
#........########....
#....................
#.<......#######).#..
#........#.......##.#
#........#..........#
##########......#####
########


You could see an ogre.

Vanquished Creatures
  An orc wizard (D:4)
  Jessica (D:3)
  Ijyb (D:3)
  Natasha (thrice) (D:2)
  A worker ant (D:4)
  4 adders
  An ooze (D:2)
  2 worms
  4 dart slugs
  A leopard gecko (D:3)
  2 orcs
  A ball python (D:1)
  3 giant cockroaches
  10 goblins
  8 hobgoblins
  4 jackals (D:3)
  2 kobolds (D:1)
  6 bats
  4 frilled lizards
  8 rats
67 creatures vanquished.

Notes
Turn   | Place    | Note
-------+----------+-------------------------------------------
     0 | Abyss:1  | slphil the Formicid Abyssal Knight began the quest for the
                  | Orb.
     0 | Abyss:1  | Reached XP level 1. HP: 18/18 MP: 2/2
    38 | Abyss:1  | Noticed a lich
    39 | Abyss:1  | Noticed a hell hog
    40 | D:1      | Escaped the Abyss
   103 | D:1      | Reached XP level 2. HP: 20/24 MP: 3/3
   132 | D:1      | Reached * piety under Lugonu
   256 | D:1      | Reached XP level 3. HP: 25/29 MP: 4/4
  1177 | D:2      | Reached XP level 4. HP: 14/37 MP: 6/6
  1413 | D:2      | Found a glowing golden altar of the Shining One.
  1421 | D:2      | Reached ** piety under Lugonu
  1484 | D:2      | Noticed Natasha
  1503 | D:2      | Killed Natasha
  1827 | D:2      | Reached XP level 5. HP: 40/42 MP: 7/7
  1945 | D:2      | Noticed Natasha
  1952 | D:2      | Killed Natasha
  2311 | D:2      | Noticed Natasha
  2324 | D:2      | Killed Natasha
  2646 | D:3      | Noticed Ijyb
  2672 | D:3      | Killed Ijyb
  2672 | D:3      | Reached XP level 6. HP: 28/49 MP: 8/8
  2685 | D:3      | Noticed Jessica
  2969 | D:3      | Killed Jessica
  3855 | D:4      | Noticed an ogre
  3880 | D:3      | Mangled by an ogre

Skill      XL: |  1  2  3  4  5  6 |
---------------+-------------------+-----
Axes           | 3 4 |  4.8
Invocations    | 3 4 |  4.2
Fighting       | 4 |  4.6
Armour         | |  2.1
Dodging        | |  0.8

Action                   |  1- 3 |  4- 6 || total
-------------------------+-------+-------++-------
Melee: Hand axe          |   114 |   142 ||   256
       Unarmed           |       |     2 ||     2
Throw: Stone             |       |     5 ||     5
Invok: Depart the Abyss  |     1 |       ||     1
Evoke: Wand              |       |     3 ||     3
  Eat: Chunk             |     1 |     9 ||    10
Armor: Leather armour    |    38 |    33 ||    71
Dodge: Dodged            |    90 |    87 ||   177
